 Dungeon Crawl Stone Soup version 0.29.0 (webtiles) character file.

Game seed: 12668288346564775985

7793 enile the Fighter (level 11, -1/72 HPs)
             Began as a Formicid Earth Elementalist on Aug 25, 2022.
             Was a Believer of Fedhas.
             Collided with a translucent stone wall (17 damage)
             ... caused by a wretched star
             ... in a Gauntlet.
             The game lasted 00:30:17 (12554 turns).

enile the Fighter (Formicid Earth Elementalist)    Turns: 12554, Time: 00:30:17

Health: -1/72      AC:  4    Str: 13    XL:     11   Next: 43%
Magic:  14/17      EV: 17    Int: 19    God:    Fedhas [**....]
Gold:   13         SH:  5    Dex: 14    Spells: 8/24 levels left

rFire   . . .      SeeInvis +   m - +1 great sword
rCold   . . .      Faith    .   s - +0 buckler
rNeg    . . .      Spirit   .   a - +0 robe
rPois   .          Reflect  .   (helmet unavailable)
rElec   .          Harm     .   C - +0 cloak {Will+}
rCorr   .          Rampage  .   (no gloves)
Will    ++...                   u - +1 pair of boots
Stlth   +++.......              (no amulet)
HPRegen 0.22/turn               o - +4 ring of evasion
MPRegen 0.15/turn               D - +6 ring of intelligence

@: mighty, unable to read, unable to drink
A: permanent stasis, dig shafts and tunnels, antennae 3, four strong arms,
clumsy 1, [deformed body], [dopey 2], [frail 2], [low MP 2], [inability to drink
after injury 2], [inability to read after injury 2]
a: Dig, Renounce Religion, Wall of Briars


You were in a Gauntlet.
You worshipped Fedhas.
Fedhas was pleased with you.
You visited 2 branches of the dungeon, and saw 11 of its levels.
You also visited: Gauntlet.

You collected 418 gold pieces.
You spent 374 gold pieces at shops.
You donated 31 gold pieces to Zin.

Inventory:

Hand Weapons
 m - a +1 great sword (weapon)
 q - a +2 hammer of draining
 y - a +0 giant spiked club
 B - a +2 long sword of freezing
 G - a +1 demon whip of venom
Missiles
 k - 13 boomerangs (quivered)
Armour
 a - a +0 robe (worn)
 g - a +2 cloak
 s - a +0 buckler (worn)
 u - a +1 pair of boots (worn)
 C - a +0 cloak of willpower (worn)
Jewellery
 e - a ring of ice
 o - a +4 ring of evasion (left hand)
 t - a ring of flight
 D - a +6 ring of intelligence (right hand)
Wands
 z - a wand of paralysis (12)
 E - a wand of mindburst (6)
Scrolls
 r - 3 scrolls of enchant armour
 v - a scroll of magic mapping
 w - a scroll of vulnerability
Potions
 b - a potion of magic
 c - a potion of resistance
 d - 2 potions of heal wounds
 h - 3 potions of haste
 i - a potion of curing
 j - a potion of flight
 l - 2 potions of brilliance
 n - a potion of mutation
 p - 4 potions of attraction
 x - 2 potions of berserk rage
 A - a potion of ambrosia {unknown}


   Skills:
 - Level 10.0 Fighting
 - Level 3.0 Long Blades
 + Level 2.3 Armour
 - Level 5.0 Dodging
 - Level 5.0 Stealth
 - Level 5.0 Shields
 - Level 7.0 Spellcasting
 - Level 3.0 Transmutations
 - Level 10.0 Earth Magic
 - Level 6.0 Invocations


You had 8 spell levels left.
You knew the following spells:

 Your Spells              Type           Power      Damage    Failure   Level
a - Sandblast             Erth           88%        2d18      1%          1
b - Passwall              Tmut/Erth      25%        N/A       1%          2
c - Petrify               Tmut/Erth      31%        N/A       9%          4
d - Stone Arrow           Conj/Erth      50%        3d10      4%          3
e - Animate Armour        Summ/Erth      50%        N/A       16%         4
f - Wereblood             Tmut           18%        N/A       5%          2

Your spell library contained the following spells:

 Spells                   Type           Power      Damage    Failure   Level
 Sublimation of Blood     Necr           6%         N/A       19%         2
 Summon Hydra             Summ           3%         N/A       100%        7
 Lehudib's Crystal Spear  Conj/Erth      12%        10d4      100%        8


Dungeon Overview and Level Annotations

Branches:
Dungeon (12/15)            Temple (1/1) D:7             Orc (0/2) D:12
Gauntlet (1/1)
   Lair: D:8-11

Altars:
Cheibriados
Fedhas
Gozag
Hepliaklqana
Kikubaaqudgha
Makhleb
Nemelex Xobeh
Okawaru
Qazlal
Ru
Sif Muna
Trog
Uskayaw
Vehumet
Wu Jian
Xom
Yredelemnul
Zin
The Shining One

Shops:
D:4 *   D:12 [

Annotations:
D:2 1 runed translucent door, Crazy Yiuf
D:7 Joseph
D:9 Erolcha Gauntlet 11 transporters, exclusion: 2 lightning spires


Innate Abilities, Weirdness & Mutations

You cannot be hasted, slowed, berserked, paralysed or teleported.
You can dig through walls and to a lower floor.
You have a pair of large antennae on your head. (SInv)
Your four strong arms can wield two-handed weapons with a shield.
You are clumsy. (Dex -2)
[Armour fits poorly on your strangely shaped body.]
[You are very dopey. (Int -4)]
[You are very frail. (-20% HP)]
[Your magical capacity is very low. (-20% MP)]
[You sometimes lose the ability to drink potions when taking damage.]
[You sometimes lose the ability to read scrolls when taking damage.]


Message History

Casting: Sandblast (safe; 1% risk of failure)
Confirm with . or Enter, or press ? or * to list all spells.
Aiming: Sandblast (safe; 1% risk of failure)
Press: ? - help, Shift-Dir - straight line, f - wretched star
Aim: a wretched star (ally target, 85% to hit)
The blast of sand hits the wretched star!
The wretched star is moderately damaged.
The wretched star pulses with an eldritch light!
You occasionally lose the ability to read scrolls when taking damage.
You lose the ability to read scrolls when taking damage more often.
You feel stupid. x2
Casting: Sandblast (safe; 1% risk of failure)
Confirm with . or Enter, or press ? or * to list all spells.
Aiming: Sandblast (safe; 1% risk of failure)
Press: ? - help, Shift-Dir - straight line, f/p - wretched star
Aim: a wretched star (moderately damaged, ally target, 85% to hit)
The blast of sand hits the wretched star.
The wretched star is moderately damaged.
The small abomination barely misses you.
Casting: Sandblast (safe; 1% risk of failure)
Confirm with . or Enter, or press ? or * to list all spells.
Aiming: Sandblast (safe; 1% risk of failure)
Press: ? - help, Shift-Dir - straight line, f/p - wretched star
Aim: a wretched star (moderately damaged, ally target, 85% to hit)
The blast of sand hits the wretched star.
The wretched star is moderately damaged.
The wretched star glows turbulently.
The lance of force hits you!!
You feel threatened and lose the ability to read scrolls!
You feel threatened and lose the ability to drink potions!
You are knocked back by the lance of force.
You slam into the translucent stone wall!
You block the small abomination's attack.
The wretched star glows turbulently.
The lance of force hits you!
* * * LOW HITPOINT WARNING * * *
You are knocked back by the lance of force.
You slam into the translucent stone wall!
You die...
Fedhas appreciates your contribution to the ecosystem.

#≈...............#######
##...#########...#..Y...
#≈...#......x#...#.#^.Y.
##...#.#.###[#####..##.#
#≈...#.*.###.#...#..##.#
##.8©#..©###©#©8©#..#.©.
#≈...#.##.P.!#...#..##.#
##...#*##.P.=#####..##.#
#≈...#.@x....#...#Y#^...
##...#########...#YY....
#≈...............#######
##.8.....8.....8........
##.....................8.
#≈...###########.........
##...#..hh....8#...######
#≈.∩.#..##.##..#...#2....
##...#.#..#..#/#####3.#..


You could see a wretched star (ally target), 2 raiju, a small abomination and a
lightning spire.

Vanquished Creatures
  A two-headed ogre (D:8)
  Amaemon (D:8)
  Pikel (D:4)
  A gargoyle (D:12)
  An orange demon (D:8)
  Prince Ribbit (D:8)
  A hornet (D:9)
  A wraith (D:9)
  3 yaks (D:9)
  Grum (D:8)
  A steam dragon (D:7)
  A neqoxec (Gauntlet)
  Menkaure (D:7)
  2 water moccasins
  A small abomination (Gauntlet)
  3 orc warriors
  3 ice beasts
  A sky beast (D:6)
  3 wolves (D:8)
  3 ogres
  4 centaurs
  4 lemures
  A phantom (D:5)
  2 kobold brigands (D:8)
  A necrophage (D:7)
  2 bullfrogs
  A scorpion (D:7)
  9 wights
  9 killer bees
  6 howler monkeys
  5 orc priests
  4 hounds
  A gnoll bouda (D:6)
  A jelly (D:6)
  8 iguanas
  6 orc wizards
  8 gnolls
  8 adders
  An ufetubus (D:6)
  2 worms
  26 orcs
  6 bats
  5 endoplasms
  4 giant cockroaches
  10 goblins
  9 hobgoblins
  6 jackals
  20 kobolds
  5 quokkas
  10 ball pythons
  4 frilled lizards
  5 rats
224 creatures vanquished.

Vanquished Creatures (others)
  An ufetubus (D:7)
  16 fungi (D:9)
  17 plants (D:9)
34 creatures vanquished.

Grand Total: 258 creatures vanquished

Notes
Turn   | Place    | Note
-------+----------+-------------------------------------------
     0 | D:1      | enile the Formicid Earth Elementalist began the quest for
                  | the Orb.
     0 | D:1      | Reached XP level 1. HP: 13/13 MP: 3/3
   287 | D:1      | Reached XP level 2. HP: 19/19 MP: 0/5
   420 | D:1      | Reached skill level 1 in Fighting
   588 | D:1      | Reached XP level 3. HP: 27/27 MP: 3/6
   591 | D:1      | Learned a level 2 spell: Passwall
   619 | D:1      | Found a faded altar of an unknown god.
   632 | D:1      | Prayed at the altar of an unknown god.
   632 | D:1      | Became a worshipper of Zin the Law-Giver
   632 | D:1      | Reached * piety under Zin
   921 | D:1      | Reached ** piety under Zin
  1423 | D:2      | Reached XP level 4. HP: 28/33 MP: 7/7
  1826 | D:2      | Reached skill level 5 in Earth Magic
  1978 | D:2      | Found a runed translucent door.
  1979 | D:2      | Noticed Crazy Yiuf
  2267 | D:2      | Reached XP level 5. HP: 22/38 MP: 3/8
  2972 | D:3      | Reached *** piety under Zin
  3026 | D:3      | You fall into a shaft and drop 3 floors!
  3061 | D:6      | Noticed a sky beast
  3098 | D:6      | Noticed a water moccasin
  3107 | D:6      | Killed a water moccasin
  3108 | D:6      | Reached XP level 6. HP: 33/44 MP: 1/12
  3272 | D:6      | Noticed an ogre
  3301 | D:5      | Entered Level 5 of the Dungeon
  3302 | D:5      | Noticed a water moccasin
  3326 | D:5      | Reached XP level 7. HP: 28/50 MP: 3/13
  3327 | D:5      | Killed a water moccasin
  4605 | D:5      | Reached XP level 8. HP: 47/60 MP: 10/14
  4766 | D:4      | Noticed Pikel
  5431 | D:4      | Killed Pikel
  5432 | D:4      | Reached skill level 5 in Fighting
  5432 | D:4      | Reached skill level 5 in Spellcasting
  5683 | D:4      | Found Onoufil's CLEARANCE SALE!.
  6343 | D:5      | Reached XP level 9. HP: 61/71 MP: 14/16
  6874 | D:5      | Reached skill level 1 in Long Blades
  8351 | D:6      | Reached **** piety under Zin
  8433 | D:7      | Found a staircase to the Ecumenical Temple.
  8486 | D:7      | Found a basalt altar of Yredelemnul.
  8526 | Temple   | Entered the Ecumenical Temple
  8707 | Temple   | Fell from the grace of Zin
  8707 | Temple   | Became a worshipper of Fedhas Madash
  8782 | D:7      | Reached skill level 5 in Dodging
  9262 | D:7      | Reached XP level 10. HP: 80/80 MP: 15/17
  9362 | D:7      | Found a hazy altar of Hepliaklqana.
  9666 | D:7      | Found a shimmering altar of Xom.
  9666 | D:7      | Noticed Menkaure
  9669 | D:7      | Killed Menkaure
  9725 | D:7      | Noticed Joseph
 10060 | D:8      | Noticed Prince Ribbit
 10068 | D:8      | Killed Prince Ribbit
 10069 | D:8      | Reached skill level 10 in Fighting
 10237 | D:8      | Noticed Grum
 10246 | D:8      | Killed Grum
 10264 | D:8      | Reached * piety under Fedhas
 10569 | D:8      | Noticed a two-headed ogre
 10576 | D:8      | Killed a two-headed ogre
 10577 | D:8      | Reached skill level 10 in Earth Magic
 10668 | D:8      | Noticed an orange demon
 10684 | D:8      | Killed an orange demon
 10827 | D:8      | Reached skill level 5 in Shields
 11097 | D:8      | Noticed Amaemon
 11106 | D:8      | Killed Amaemon
 11106 | D:8      | Reached ** piety under Fedhas
 11107 | D:8      | Reached skill level 5 in Stealth
 11107 | D:8      | Reached XP level 11. HP: 68/90 MP: 11/18
 11266 | D:9      | Reached skill level 5 in Invocations
 11384 | D:9      | Identified the +9 quarterstaff "Xecwi Kur" {pain, rF++}
 11813 | D:9      | Noticed Erolcha
 11823 | D:9      | You fall into a shaft and drop 3 floors!
 11835 | D:12     | Found a staircase to the Orcish Mines.
 11873 | D:12     | Found Setzis's Antique Armour Shop.
 11883 | D:12     | Bought a pair of embroidered boots for 187 gold pieces
 11883 | D:12     | Bought a runed cloak for 187 gold pieces
 11931 | D:12     | Reached skill level 1 in Armour
 11959 | D:12     | Found a gate leading to a gauntlet.
 12122 | Gauntlet | Entered a Gauntlet
 12122 | Gauntlet | Found a transporter.
 12150 | Gauntlet | Noticed a wretched star
 12237 | Gauntlet | Found a transporter.
 12257 | Gauntlet | Found a transporter.
 12257 | Gauntlet | Found a transporter.
 12266 | Gauntlet | Noticed an elephant
 12277 | Gauntlet | Found a transporter.
 12278 | Gauntlet | Noticed a dire elephant
 12280 | Gauntlet | Noticed an elephant
 12290 | Gauntlet | Found a transporter.
 12291 | Gauntlet | Noticed a cacodemon
 12299 | Gauntlet | Noticed a large abomination
 12303 | Gauntlet | Found a transporter.
 12323 | Gauntlet | Found a transporter.
 12327 | Gauntlet | Found a transporter.
 12327 | Gauntlet | Noticed a hell hog
 12336 | Gauntlet | Found a transporter.
 12360 | Gauntlet | Found a transporter.
 12364 | Gauntlet | Found a transporter.
 12527 | Gauntlet | Learned a level 4 spell: Petrify
 12531 | Gauntlet | Learned a level 3 spell: Stone Arrow
 12536 | Gauntlet | Learned a level 4 spell: Animate Armour
 12539 | Gauntlet | Learned a level 2 spell: Wereblood
 12547 | Gauntlet | Gained mutation: You are clumsy. (Dex -2) [a neqoxec]
 12554 | Gauntlet | Collided with a translucent stone wall

Illustrated notes

Levels and vault maps discovered:
D:1:      onia_arrival_pyramid, layout_basic,
          hellmonk_ecumenical_altar_leap_of_faith
D:2:      layout_loops_cross, minmay_misc_feat_four_crosses,
          chequers_decorated_corner, uniq_crazy_yiuf_cottage
D:3:      layout_rooms
D:4:      layout_loops_ring, nicolae_shop_clearance, uniq_pikel
D:5:      layout_cave_pods, nrook_loot_triangle, grunt_ministairs_11,
          serial_bayou_pond_d, minmay_fractal_squares_diagonal_5
D:6:      lemuel_ice_spiral_2, layout_basic, chequers_arboretum
D:7:      layout_basic, yredelemnul_altar_generic, kennysheep_little_box,
          lemuel_coloured_pillars_altar, temple_fountains, grunt_ministairs_5,
          uniq_menkaure, uniq_joseph
D:8:      layout_basic, uniq_prince_ribbit1, uniq_grum, uniq_amaemon
D:9:      layout_long_grid, grunt_lair_entry_orc_guard_hut, uniq_erolcha
D:12:     minmay_triangles_in_corner, layout_cave_pods, david_orc_3,
          serial_column_ruins, column_ruins_grid_1, column_ruins_grid_1,
          column_ruins_columns_corner, serial_shops, nicolae_shop_stone,
          gauntlet_entry_generic, minmay_increasing_density, uniq_kirke
Temple:   regret_index_temple_waves
Gauntlet: minmay_gauntlet_mixed_oops_all_seconds
          [minmay_gauntlet_arena_77_block_sizes,
          nicolae_gauntlet_arena_quarters, minmay_gauntlet_arena_77_mirror,
          nicolae_gauntlet_arena_blocks, minmay_gauntlet_arena_77_double_cross,
          gammafunk_gauntlet_arena_grid, gauntlet_exit_green]

Skill      XL: |  1  2  3  4  5  6  7  8  9 10 11 |
---------------+----------------------------------+-----
Fighting       | 1 2 4 6 7 10 | 10.0
Earth Magic    | 4 5 7 8 10 | 10.0
Dodging        | 2 3 5 |  5.0
Spellcasting   | 4 5 7 |  7.0
Invocations    | 2 3 4 6 |  6.0
Shields        | 3 5 |  5.0
Transmutations | 3 |  3.0
Long Blades    | 3 |  3.0
Stealth        | 5 |  5.0
Armour         | 2 |  2.3

Action                   |  1- 3 |  4- 6 |  7- 9 | 10-12 || total
-------------------------+-------+-------+-------+-------++-------
Melee: Unarmed           |     3 |       |       |       ||     3
       Great sword       |    13 |    62 |   112 |    41 ||   228
       Punch             |       |     2 |       |       ||     2
Throw: Boomerang         |       |       |       |     6 ||     6
 Cast: Sandblast         |    54 |    31 |   128 |   122 ||   335
       Passwall          |       |       |     3 |       ||     3
Invok: Vitalisation      |       |     1 |       |       ||     1
       Imprison          |       |     1 |     1 |       ||     2
       Recite            |       |     1 |       |       ||     1
       Wall of Briars    |       |       |       |     4 ||     4
 Abil: Dig               |       |       |     2 |     2 ||     4
       Shaft Self        |       |       |       |     1 ||     1
Evoke: Wand              |       |       |       |     1 ||     1
  Use: Potion            |     1 |     4 |     2 |     3 ||    10
       Scroll            |       |     8 |     5 |     8 ||    21
 Stab: Sleeping          |     1 |     9 |     1 |       ||    11
       Paralysed         |       |       |       |     1 ||     1
Armor: Robe              |    16 |    18 |    30 |    13 ||    77
       Skin              |       |     6 |       |       ||     6
Dodge: Dodged            |    39 |   119 |   171 |   124 ||   453
Block: Buckler           |       |       |    42 |    48 ||    90
